 Dungeon Crawl Stone Soup version 0.25.1-2-g60ff931df9 (webtiles) character file.

Game seed: 3238892150804793476

51 Mrkan the Ruffian (level 3, -2/36 HPs)
             Began as a Troll Fighter on Nov 10, 2020.
             Slain by a worker ant (8 damage)
             ... on level 2 of the Dungeon.
             The game lasted 00:02:17 (1399 turns).

Mrkan the Ruffian (Troll Fighter)                   Turns: 1399, Time: 00:02:17

Health: -2/36      AC:  6    Str: 25    XL:     3   Next: 58%
Magic:  2/2        EV:  8    Int:  4    God:
Gold:   83         SH:  8    Dex:  9    Spells: 2/2 levels left

rFire    . . .     SeeInvis .     - Unarmed
rCold    . . .     Gourm    +   b - +0 kite shield
rNeg     . . .     Faith    .   a - +0 robe
rPois    .         Spirit   .   (helmet restricted)
rElec    .         Reflect  .   (no cloak)
rCorr    .         Harm     .   (gloves unavailable)
MR       .....                  (boots unavailable)
Stlth    +.........             (no amulet)
HPRegen  0.52/turn              (no ring)
MPRegen  0.08/turn              (no ring)

@: lethally poisoned (-2 -> -6)
A: large, unfitting armour, claws 3, fast metabolism 3, gourmand, regeneration
1, shaggy fur 1, tough skin 3
a: no special abilities


You were on level 2 of the Dungeon.
You were not hungry.

You visited 1 branch of the dungeon, and saw 3 of its levels.

You collected 83 gold pieces.

Inventory:

Missiles
 i - a throwing net (quivered)
 m - 83 stones
Armour
 a - a +0 robe (worn)
 b - a +0 kite shield (worn)
Jewellery
 o - an uncursed ring of flight {unknown}
Scrolls
 e - 3 scrolls of identify {unknown}
 f - a scroll of blinking {unknown}
 h - a scroll of amnesia {unknown}
 k - 2 scrolls of teleportation {unknown}
 l - a scroll of enchant armour {unknown}
 n - 3 scrolls of remove curse {unknown}
Potions
 c - a potion of might
 g - 3 potions of curing {unknown}
 j - a potion of heal wounds {unknown}
Comestibles
 d - 7 rations


   Skills:
 - Level 2.4 Fighting
 - Level 2.4 Dodging
 - Level 2.4 Shields
 * Level 4.0 Unarmed Combat


You had 2 spell levels left.
You didn't know any spells.
Your spell library was empty.

Dungeon Overview and Level Annotations

Branches:
Dungeon (3/15)

Altars:
Cheibriados
Uskayaw


Innate Abilities, Weirdness & Mutations

You are too large for most types of armour.
You have claws for hands.
Your metabolism is lightning-fast.
You like to eat raw meat.
Your natural rate of healing is unusually fast.
You are covered in fur. (AC +1)
You have extremely tough skin. (AC +3)


Message History

The goblin completely misses you.
You barely miss the goblin. You block the worker ant's attack.
The goblin hits you but does no damage.
You scratch the goblin.
You kill the goblin!
You feel sick.
The worker ant bites you but does no damage.
The worker ant barely misses you.
You see here a +0 club.
You feel sick. You block the worker ant's attack.
You completely miss the worker ant.
The worker ant is moderately wounded.
The worker ant bites you!
* * * LOW HITPOINT WARNING * * *
You are more poisoned.
The worker ant poisons you!
You barely miss the worker ant.
The worker ant is moderately wounded.
You feel sick. The worker ant bites you!
You die...

...#...........##........# #.#
...#...........##........# #.#
.#.####........##........# #.#
.#.####...#######........# #.#
.#....#...##............## #.#
.#........##............# #.#
.#.....รท..##............# #.#
.#.........+............# #.#
##......####....@.......# #.#
####............a)......# #.# #
#.#..................# #.#
####'#<.....#+###...##### #.#
#......#....#.###...##########.#
#......#....#.#.'...'..........#
#......##...#.#.#...############
.......##(..#.#.#...#
.......#....#.#.#...#


You could see a worker ant.

Vanquished Creatures
  An adder (D:2)
  An ooze (D:2)
  A worm (D:2)
  A dart slug (D:1)
  2 leopard geckos (D:2)
  A giant cockroach (D:2)
  3 goblins (D:2)
  3 hobgoblins
  A ball python (D:1)
  3 bats
  5 frilled lizards
  7 kobolds
  4 rats
33 creatures vanquished.

Notes
Turn   | Place    | Note
-------+----------+-------------------------------------------
     0 | D:1      | Mrkan the Troll Fighter began the quest for the Orb.
     0 | D:1      | Reached XP level 1. HP: 22/22 MP: 0/0
   208 | D:1      | Reached XP level 2. HP: 29/29 MP: 1/1
   560 | D:2      | Reached skill level 3 in Unarmed Combat
   682 | D:2      | Found a snail-covered altar of Cheibriados.
   758 | D:2      | Reached XP level 3. HP: 31/36 MP: 2/2
  1003 | D:2      | Reached skill level 4 in Unarmed Combat
  1373 | D:3      | Found a hide-covered altar of Uskayaw.
  1399 | D:2      | Slain by a worker ant

Illustrated notes

Levels and vault maps discovered:
D:1:      lemuel_arrival_hallway, layout_basic, serial_forest,
          infiniplex_forest_lined_room_2, infiniplex_forest_split,
          infiniplex_forest_clump_C, infiniplex_forest_lined_ring,
          infiniplex_forest_lined_4_way, infiniplex_forest_clump_diagonal,
          hangedman_decor_clover_reticule
D:2:      layout_basic, cheibriados_altar_1, minmay_misc_feat_secret_circle,
          grunt_ministairs_2, chequers_serial_rivers_room_a
D:3:      layout_basic, eat_drink_and_be_merry_uskayaw

Skill      XL: |  1  2  3 |
---------------+----------+-----
Unarmed Combat | 3 4 |  4.0
Fighting       | |  2.4
Dodging        | |  2.4
Shields        | |  2.4

Action                   || total
-------------------------++-------
Melee: Unarmed           ||   103
  Eat: Chunk             ||    12
Armor: Robe              ||    40
Dodge: Dodged            ||    38
Block: Kite shield       ||    56
